 Dungeon Crawl Stone Soup version 0.29.0-4-gdea44cf6ec (webtiles) character file.

Game seed: 8919824894873170942

141 qw the Chopper (level 5, -3/26 (30) HPs)
             Began as a Tengu Warper on Aug 28, 2022.
             Slain by a kobold brigand
             ... wielding a +1 whip of draining
              (10 damage)
             ... in a sewer.
             The game lasted 00:00:16 (2731 turns).

qw the Chopper (Tengu Warper)                       Turns: 2731, Time: 00:00:16

HP:   -3/26 (30)    AC:  8    Str: 14    XL:     5   Next: 24%
MP:   9/9           EV:  7    Int: 13    God:
Gold: 96            SH:  0    Dex: 13    Spells: 8/8 levels left

rFire   + . .      SeeInvis .   Y - +0 war axe
rCold   . . .      Faith    .   (no shield)
rNeg    . . .      Spirit   .   j - +0 chain mail
rPois   .          Reflect  .   (helmet restricted)
rElec   .          Harm     .   (no cloak)
rCorr   .          Rampage  .   (no gloves)
Will    .....                   (boots unavailable)
Stlth   ..........              (no amulet)
HPRegen 0.08/turn               a - ring of protection from fire
MPRegen 0.11/turn               (no ring)

@: flying quickly and evasively, heavily drained, quick
A: beak, talons 3, nimble flight
a: no special abilities


You were in a sewer.
You visited 1 branch of the dungeon, and saw 3 of its levels.
You also visited: Sewer.

You collected 96 gold pieces.


Innate Abilities, Weirdness & Mutations

You have a beak for a mouth.
You have claws for feet.
Your magical nature lets you fly swiftly and evasively.


   Skills:
 - Level 2.0 Fighting
 + Level 5.8 Axes
 - Level 1.0 Throwing
 - Level 1.1 Armour
 - Level 2.1 Dodging
 - Level 2.0 Spellcasting
 - Level 2.4 Translocations


You had 8 spell levels left.
You didn't know any spells.
Your spell library contained the following spells:

 Spells                   Type           Power      Damage    Failure   Level
 Blink                    Tloc           14%        N/A       99%         2
 Gell's Gravitas          Tloc           7%         N/A       100%        3
 Lesser Beckoning         Tloc           7%         N/A       100%        3
 Teleport Other           Tloc           7%         N/A       100%        3
 Manifold Assault         Tloc           7%         N/A       100%        5

Inventory:

Hand Weapons
 e - a +0 flail
 Y - a +0 war axe (weapon)
Missiles
 i - 3 boomerangs (quivered)
Armour
 j - a +0 chain mail (worn)
Jewellery
 a - a ring of protection from fire (left hand)
 b - a ring of fire
Scrolls
 l - a scroll of identify
 m - a scroll of teleportation
Potions
 d - a potion of cancellation
 g - 3 potions of curing

Dungeon Overview and Level Annotations

Branches:
Dungeon (3/15)              Sewer (1/1)

Altars:
Vehumet

Shops:
D:1 [(


Message History

The kobold throws a stone.
The stone closely misses you.
The kobold throws a stone.
The stone hits you but does no damage.
You closely miss the kobold brigand. You hit the kobold.
The kobold barely misses you.
You closely miss the kobold.
The kobold is moderately wounded.
You hit the kobold brigand but do no damage.
The kobold brigand hits you but does no damage.
You feel drained.
The kobold splashes around in the water.
The kobold brigand hits you with a +1 whip of draining.
You feel drained. The kobold closely misses you.
You hit the kobold.
You kill the kobold!
You hear a splash.
You hit the kobold brigand. You barely miss the kobold.
The kobold hits you with a +0 dagger.
The kobold brigand hits you with a +1 whip of draining!
You feel drained.
You hit the kobold brigand but do no damage.
Your kick misses the kobold brigand.
The kobold brigand is lightly wounded.
You hit the kobold but do no damage.
The kobold throws a stone.
The stone hits you but does no damage.
The kobold brigand hits you with a +1 whip of draining.
You feel drained.
You hit the kobold brigand but do no damage.
You peck the kobold brigand.
The kobold brigand is lightly wounded.
You closely miss the kobold.
The kobold throws a stone.
The stone hits you but does no damage.
The kobold brigand completely misses you.
The kobold splashes around in the water.
You closely miss the kobold brigand. You claw the kobold brigand.
The kobold brigand is moderately wounded.
You slash the kobold!
You kill the kobold!
You hear a splash. x2
The kobold brigand hits you with a +1 whip of draining!
You die...

### ### ..#.!
..... ##...##
..... ~ .K.
~#~####)###
~~~~~~)@K.#
~~~~~~~...##
~~~~~~~....#
~~~~~~~....#
~~~~~~~...##
~~~~~~~...#
~~~~~~~...##
~~~~~~~....##
~~~~~~~.....#


You could see a kobold brigand and a kobold.

Vanquished Creatures
  4 gnolls (D:2)
  4 adders (D:2)
  4 worms
  3 dart slugs
  7 bats
  5 endoplasms
  4 goblins
  4 hobgoblins
  2 quokkas (D:2)
  4 ball pythons
  2 frilled lizards (D:1)
  6 kobolds
  9 rats
58 creatures vanquished.

Vanquished Creatures (others)
  17 plants (D:2)
17 creatures vanquished.

Grand Total: 75 creatures vanquished

Notes
Turn   | Place    | Note
-------+----------+-------------------------------------------
     0 | D:1      | qw the Tengu Warper began the quest for the Orb.
     0 | D:1      | Reached XP level 1. HP: 12/12 MP: 4/4
     0 | D:1      | 0 ||| qw: Version: 0.1-a-89-g26bdef1
     0 | D:1      | 0 ||| qw: Game counter: 1638
     0 | D:1      | 0 ||| qw: Always use a shield: true
     0 | D:1      | 0 ||| qw: God list: Okawaru
     0 | D:1      | 0 ||| qw: Allow faded altars: false
     0 | D:1      | 0 ||| qw: Do Orc after D:15 true
     0 | D:1      | 0 ||| qw: Do second Lair branch before Depths: true
     0 | D:1      | 0 ||| qw: Lair rune preference: random
     0 | D:1      | 0 ||| qw: Plans: Normal
     0 | D:1      | 0 ||| PLANNING D:1-11
    52 | D:1      | 52 ||| Stepping ~*~*~tactically~*~*~ (stealth).
   103 | D:1      | Found Taulef's Armour Emporium.
   113 | D:1      | 113 ||| SHOPLISTING +0 chain mail (49 gold, have 24).
   113 | D:1      | 113 ||| SHOPLISTING +0 ring mail (44 gold, have 24).
   126 | D:1      | Reached XP level 2. HP: 17/17 MP: 6/6
   132 | D:1      | Reached skill level 3 in Axes
   238 | D:1      | Found a faded altar of an unknown god.
   246 | D:1      | 246 ||| Stepping ~*~*~tactically~*~*~ (hiding).
   383 | D:1      | Found Touvem's Antique Weapon Shoppe.
   419 | D:1      | 419 ||| SHOPLISTING mace (81 gold, have 24).
   419 | D:1      | 419 ||| SHOPLISTING runed war axe (175 gold, have 24).
   545 | D:1      | 545 ||| SWAPPING to +0 war axe.
   546 | D:1      | 546 ||| DROPPING +0 hand axe.
   547 | D:1      | 547 ||| UPGRADING to +0 chain mail.
   557 | D:1      | 557 ||| DROPPING +0 leather armour.
   558 | D:1      | 558 ||| DROPPING +6 ring of intelligence.
   559 | D:1      | 559 ||| READING 3 scrolls labelled BIDAGO HOISMAA.
   563 | D:1      | 563 ||| READING scroll labelled LAN URRAIHUR.
   564 | D:1      | 564 ||| READING 3 scrolls labelled OQOAPR WEUCE.
   565 | D:1      | 565 ||| DRINKING 2 puce potions.
   566 | D:1      | 566 ||| READING 2 scrolls of identify.
   566 | D:1      | 566 ||| IDENTIFYING white potion
   567 | D:1      | 567 ||| DROPPING scroll of blinking.
   694 | D:2      | 694 ||| Stepping ~*~*~tactically~*~*~ (stealth).
   700 | D:2      | Reached XP level 3. HP: 17/21 MP: 7/7
   701 | D:2      | HP: 5/21 [gnoll/+0 whip (3)]
   702 | D:2      | Reached skill level 4 in Axes
   702 | D:2      | 702 ||| READING 2 scrolls of teleportation.
   703 | D:2      | HP: 2/21 [gnoll/+0 whip (4)]
  1122 | D:2      | Found a radiant altar of Vehumet.
  1142 | D:2      | Reached XP level 4. HP: 26/26 MP: 8/8
  1242 | D:2      | 1242 ||| Stepping ~*~*~tactically~*~*~ (stealth).
  1246 | D:2      | 1246 ||| Stepping ~*~*~tactically~*~*~ (stealth).
  1311 | D:2      | 1311 ||| Stepping ~*~*~tactically~*~*~ (stealth).
  1313 | D:2      | Reached skill level 5 in Axes
  1327 | D:2      | 1327 ||| DROPPING +0 club.
  1342 | D:2      | 1342 ||| Stepping ~*~*~tactically~*~*~ (hiding).
  1344 | D:2      | 1344 ||| Stepping ~*~*~tactically~*~*~ (stealth).
  1348 | D:2      | 1348 ||| Stepping ~*~*~tactically~*~*~ (hiding).
  1447 | D:2      | 1447 ||| Stepping ~*~*~tactically~*~*~ (stealth).
  1451 | D:2      | 1451 ||| Stepping ~*~*~tactically~*~*~ (stealth).
  1484 | D:2      | 1484 ||| Stepping ~*~*~tactically~*~*~ (stealth).
  1485 | D:2      | 1485 ||| Stepping ~*~*~tactically~*~*~ (stealth).
  1486 | D:2      | 1486 ||| Stepping ~*~*~tactically~*~*~ (stealth).
  1488 | D:2      | 1488 ||| Stepping ~*~*~tactically~*~*~ (hiding).
  1665 | D:2      | 1665 ||| DROPPING +0 whip.
  1728 | D:2      | 1728 ||| Stepping ~*~*~tactically~*~*~ (stealth).
  1729 | D:2      | 1729 ||| Stepping ~*~*~tactically~*~*~ (stealth).
  2075 | D:2      | Gained mutation: Your magical nature lets you fly swiftly
                  | and evasively. [Tengu growth]
  2075 | D:2      | Reached XP level 5. HP: 19/30 MP: 9/9
  2323 | D:2      | 2323 ||| READING 2 scrolls labelled TORCHU RAGGUCU.
  2324 | D:2      | 2324 ||| DROPPING scroll of poison.
  2325 | D:2      | 2325 ||| READING 2 scrolls of teleportation.
  2362 | D:3      | 2362 ||| PLANNING SEWER
  2606 | D:3      | Noticed a +0 dagger
  2607 | D:3      | Noticed a +0 hand axe
  2667 | D:3      | Found a glowing drain.
  2677 | D:3      | 2677 ||| UPGRADING to ring of protection from fire.
  2678 | D:3      | 2678 ||| READING 2 scrolls of identify.
  2678 | D:3      | 2678 ||| IDENTIFYING brown potion
  2679 | D:3      | 2679 ||| DROPPING potion of degeneration.
  2690 | Sewer    | Entered a sewer
  2722 | Sewer    | Noticed a kobold brigand
  2731 | Sewer    | Slain by a kobold brigand

Levels and vault maps discovered:
D:1:      mrwooster_arrival_statue_2, layout_rooms, serial_shops, shop,
          nicolae_shop_trees, ebering_ecumenical_altar_mist,
          corexii_item_surrounded_by_moat
D:2:      layout_basic, basic_altar, serial_forest,
          infiniplex_forest_clump_long, infiniplex_forest_clump_tiny,
          infiniplex_forest_clump_cross, infiniplex_forest_clump_long,
          infiniplex_forest_clump_small, infiniplex_forest_straight_2
D:3:      kennysheep_six_static_rooms, layout_basic, dancing_weapons_uskayaw,
          cheibrodos_sewer_entry_sluice
Sewer:    sewer_minmay_treatment

Skill      XL: |  1  2  3  4 |
---------------+-------------+-----
Axes           | 3 4 5 |  5.8
Fighting       | |  2.0
Throwing       | |  1.0
Armour         | |  1.1
Dodging        | |  2.1
Spellcasting   | |  2.0
Translocations | |  2.4

Action                   |  1- 3 |  4- 6 || total
-------------------------+-------+-------++-------
Melee: Hand axe          |    23 |       ||    23
       Kick              |     9 |    11 ||    20
       Peck              |     7 |     8 ||    15
       War axe           |    27 |    54 ||    81
Throw: Boomerang         |    35 |    42 ||    77
  Use: Scroll            |     5 |     3 ||     8
       Potion            |     1 |       ||     1
Armor: Leather armour    |     9 |       ||     9
       Chain mail        |    21 |    22 ||    43
Dodge: Dodged            |    23 |    14 ||    37

Table legend:
 A = Non-vault XP
 B = Vault XP
 C = Vault XP percentage of total XP
 D = Non-vault monster count
 E = Vault monster count
 F = Vault count percentage of total count
                 A         B        C        D         E       F
            +---------+---------+-------+---------+---------+-------
      Total |     184 |      19 |   9.4 |      48 |      10 |  17.2
            +---------+---------+-------+---------+---------+-------
        D:1 |      30 |       0 |   0.0 |      20 |       0 |   0.0
        D:2 |     141 |       0 |   0.0 |      21 |       0 |   0.0
        D:3 |      13 |      12 |  48.0 |       7 |       3 |  30.0
      Sewer |       0 |       7 | 100.0 |       0 |       7 | 100.0
            +---------+---------+-------+---------+---------+-------
